 Dungeon Crawl Stone Soup version 0.31-a0-1338-gb567cfdca4 (webtiles) character file.

Game seed: 5996435143163397813

3246 grandjackal the Fighter (level 9, -2/102 HPs)
             Began as an Oni Warper on Dec 22, 2023.
             Was a Believer of Ashenzari.
             Shot with an arrow by a centaur (3 damage)
             ... on level 7 of the Dungeon.
             The game lasted 00:11:34 (6816 turns).

grandjackal the Fighter (Oni Warper)                Turns: 6816, Time: 00:11:34

Health: -2/102     AC: 11    Str: 17    XL:     9   Next: 99%
Magic:  1/13       EV:  9    Int: 18    God:    Ashenzari [**....]
Gold:   408        SH:  0    Dex:  8    Spells: 2/14 levels left

rFire   . . .        B - +1 morningstar (protect)
rCold   + . .        (no shield)
rNeg    . . .        b - +0 robe "Yoke of the Lashed Sage" {Melee, Comp} (curse)
rPois   .            (helmet restricted)
rElec   .            (no cloak)
rCorr   .            (gloves unavailable)
SInv    +            (boots unavailable)
Will    .....        (no amulet)
Stlth   +            t - ring of Ashenzari's Stickiness {AC+4, Fort, Bglg} (curse)
HPRegen 0.37/turn    y - ring "Ruined Paranoia" {rC+ AC+4, Fort, Elem} (curse)
MPRegen 0.13/turn

%: no passive effects
@: no status effects
A: drunken brawling, large, unfitting armour, horns 1, tough skin 1, double
potion healing
a: Renounce Religion, Curse Item, Shatter the Chains


You were on level 7 of the Dungeon.
You worshipped Ashenzari.
Ashenzari was pleased with you.
You visited 2 branches of the dungeon, and saw 8 of its levels.
You also visited: Sewer and Ossuary.

You collected 408 gold pieces.

Inventory:

Hand Weapons
 a - a +0 mace
 B - a +1 morningstar of protection (weapon)
Missiles
 d - 7 darts of dispersal
 j - 17 poisoned darts (quivered)
 s - a curare-tipped dart
 A - 3 large rocks
Armour
 b - the cursed +0 robe "Yoke of the Lashed Sage" (worn) {Melee, Comp}

   It has a curse which improves the following skills: Melee Combat: Short
   Blades, Long Blades, Axes, Maces & Flails, Polearms, Staves and Unarmed
   Combat.
   Companions: Summonings and Necromancy.
 h - an orb of mayhem
Jewellery
 t - the cursed ring of Ashenzari's Stickiness (left hand) {AC+4, Fort, Bglg}
   (You found it on level 2 of the Dungeon)

   [ring of protection]

   AC+4:      It affects your AC (+4).
   It has a curse which improves the following skills: Fortitude: Armour and
   Shields.
   Beguiling: Hexes and Translocations.
 y - the cursed ring "Ruined Paranoia" (right hand) {rC+ AC+4, Fort, Elem}
   (You found it on level 4 of the Dungeon)

   [ring of protection]

   AC+4:      It affects your AC (+4).
   rC+:       It protects you from cold.
   It has a curse which improves the following skills: Fortitude: Armour and
   Shields.
   Elements:  Fire Magic, Ice Magic, Air Magic and Earth Magic.
 G - a ring of magical power
Wands
 z - a wand of flame (10)
Scrolls
 c - 3 scrolls of blinking
 e - a scroll of vulnerability
 g - 8 scrolls of identify
 i - a scroll of immolation
 k - 3 scrolls of teleportation
 o - 2 scrolls of poison
 p - 6 scrolls of fog
 q - a scroll of torment
 r - a scroll of enchant armour
 v - a scroll of amnesia
 x - a scroll of silence
 C - 3 scrolls of noise
 F - a scroll of enchant weapon
 I - a scroll of revelation
Potions
 f - 2 potions of invisibility
 l - 6 potions of curing
 m - 2 potions of haste
 n - 2 potions of ambrosia
 u - 2 potions of might
 w - a potion of heal wounds
 D - 2 potions of enlightenment
 E - a potion of brilliance
 H - 2 potions of magic
 J - a potion of berserk rage


   Skills:
 + Level 10.7 Fighting
 + Level 8.0(9.2) Maces & Flails
 - Level 1.0 Throwing
 - Level 2.1 Dodging
 - Level 3.2 Spellcasting
 + Level 7.6(8.8) Translocations


You had 2 spell levels left.
You knew the following spells:

 Your Spells              Type           Power      Damage    Failure   Level
a - Blink                 Tloc           68%        N/A       1%          2
b - Manifold Assault      Tloc           34%        N/A       4%          4
c - Gell's Gravitas       Tloc           34%        N/A       1%          3
d - Call Canine Familiar  Summ           3%         N/A       41%         3

Your spell library contained the following spells:

 Spells                   Type           Power      Damage    Failure   Level
 Lesser Beckoning         Tloc           68%        N/A       1%          2
 Foxfire                  Conj/Fire      12%        2x1d4     16%         1
 Summon Small Mammal      Summ           12%        N/A       16%         1
 Scorch                   Fire           6%         2d5       22%         2
 Teleport Other           Tloc           34%        N/A       1%          3
 Vhi's Electric Charge    Tloc/Air       38%        N/A       26%         4
 Summon Guardian Golem    Hex/Summ       3%         N/A       41%         3
 Dazzling Flash           Conj/Hex       6%         N/A       43%         3
 Hailstorm                Conj/Ice       3%         3d5       43%         3
 Mephitic Cloud           Conj/Alch/Air  3%         N/A       43%         3
 Dispersal                Tloc           17%        N/A       54%         6
 Flame Wave               Conj/Fire      3%         2d5       83%         4
 Summon Ice Beast         Ice/Summ       3%         N/A       83%         4
 Agony                    Necr           3%         N/A       99%         5
 Silence                  Hex/Air        1%         N/A       99%         5
 Plasma Beam              Fire/Air       1%         2x1d11    100%        6
 Simulacrum               Ice/Necr       1%         N/A       100%        6
 Starburst                Conj/Fire      1%         6d3       100%        6
 Summon Cactus Giant      Summ           1%         N/A       100%        6


Dungeon Overview and Level Annotations

Branches:
Dungeon (7/15)             Temple (1/1) D:5           Sewer (visited)
Ossuary (visited)

Altars:
Ashenzari
Cheibriados
Dithmenos
Elyvilon
Fedhas
Gozag
Hepliaklqana
Kikubaaqudgha
Makhleb
Okawaru
Ru
Sif Muna
Trog
Uskayaw
Vehumet
Wu Jian
Xom
Yredelemnul
Zin
The Shining One

Shops:
D:1 (


Innate Abilities, Weirdness & Mutations

Whenever you drink a potion that restores your health or magic, you attack all enemies around you.
You are too large for most types of armour.
You have a pair of small horns on your head.
You have tough skin. (AC +1)
Whenever you drink a potion that restores your health or magic, it restores twice as much.


Message History

Gravity reorients around the centaur.
The centaur collides with the centaur!
The centaur is severely wounded.
The centaur is moderately wounded.
The centaur collides with the centaur!
The centaur is severely wounded.
The centaur is moderately wounded.
The centaur collides with the centaur!
The centaur is almost dead.
The centaur is lightly wounded.
The centaur shoots an arrow.
The arrow hits you! The arrow burns you.
The centaur shoots an arrow.
The arrow hits you!
The centaur shoots an arrow.
The arrow closely misses you.
The centaur shoots a sling bullet.
The sling bullet hits you!
* * * LOW HITPOINT WARNING * * *
The centaur shoots an arrow.
The arrow hits you!
* * * LOW HITPOINT WARNING * * *
The arrow burns you.
* * * LOW HITPOINT WARNING * * *
The centaur shoots an arrow.
The arrow hits you but does no damage.
Unknown command.
Casting: Gell's Gravitas (safe; 1% risk of failure)
Confirm with . or Enter, or press ? or * to list all spells.
Aiming: Gell's Gravitas (safe; 1% risk of failure)
Press: ? - help, Dir - move target, f/p - centaur
Aim: a centaur, wielding a +0 shortbow (almost dead) Gravity reorients around the centaur.
The centaur collides with the centaur!
You kill the centaur!
The centaur is heavily wounded.
The centaur collides with the centaur!
The centaur is severely wounded.
The centaur is moderately wounded.
The centaur shoots a sling bullet.
The sling bullet misses you.
The centaur shoots an arrow.
The arrow hits you.
* * * LOW HITPOINT WARNING * * *
The arrow burns you.
* * * LOW HITPOINT WARNING * * *
The centaur shoots an arrow.
The arrow hits you.
* * * LOW HITPOINT WARNING * * *
The centaur shoots an arrow.
The arrow hits you.
You die...

.####..#......#..####.##....
.....).#....##..####.........
.....#.##....................
.##.##.....####.............#
...###...... ##....##......>#
.....##.....##...............
.#..........##.......#...#...
##..........#........#..##...
#####..##..#...@.......≈ #.#.
#.#.........##.≈≈≈≈≈ .....
........#..≈≈≈≈≈≈≈ ####.
####...≈≈≈≈≈≈≈≈≈≈ ....
##.≈≈≈≈≈≈≈≈..≈ ....
..≈≈≈≈≈≈cc.. ..##
##.≈≈≈≈≈.c..c ..# .≈≈≈≈≈...#'
....


You could see 4 centaurs.

Vanquished Creatures
  Pikel (D:4)
  Grinder (D:4)
  3 vampire mosquitoes (D:7)
  Edmund (D:4)
  A black bear (D:7)
  3 ogres
  An ice beast (D:5)
  2 centaurs
  A lemure (D:4)
  2 phantoms (D:5)
  3 kobold brigands (D:6)
  2 elf zombies (Ossuary)
  2 bullfrogs (Sewer)
  A scorpion (D:4)
  4 hounds
  A human zombie (Ossuary)
  2 jellies
  3 orc priests
  2 iguanas
  3 orc wizards
  A hound zombie (Ossuary)
  5 mummies
  3 gnolls (D:5)
  19 adders
  3 river rats (Sewer)
  A white imp (D:7)
  2 ufetubi (D:5)
  An adder zombie (Ossuary)
  2 worms (D:4)
  A dart slug (D:2)
  6 orcs
  7 endoplasms
  6 giant cockroaches
  12 goblins
  15 hobgoblins
  3 jackals (D:2)
  4 quokkas
  16 ball pythons
  5 bats
  2 frilled lizards (D:1)
  A gnoll zombie (Ossuary)
  3 goblin zombies (Ossuary)
  11 kobolds
  A kobold zombie (Ossuary)
  22 rats
  2 rat zombies (Ossuary)
193 creatures vanquished.

Notes
Turn   | Place    | Note
-------+----------+-------------------------------------------
     0 | D:1      | grandjackal the Oni Warper began the quest for the Orb.
     0 | D:1      | Reached XP level 1. HP: 22/22 MP: 3/3
   176 | D:1      | Reached skill level 3 in Fighting
   176 | D:1      | Reached XP level 2. HP: 28/31 MP: 5/5
   290 | D:1      | Found Peosaeko's Antique Weapon Boutique.
   536 | D:1      | Reached XP level 3. HP: 34/37 MP: 7/7
   795 | D:1      | Learned a level 2 spell: Blink
  1078 | D:2      | Reached XP level 4. HP: 46/46 MP: 8/8
  1150 | D:2      | Identified the +3 leather armour "Fistre" {rF+}
  1322 | D:3      | Learned a level 4 spell: Manifold Assault
  1615 | D:3      | Reached skill level 4 in Fighting
  1800 | D:3      | Found a faded altar of an unknown god.
  1887 | D:4      | Noticed Edmund
  1962 | D:4      | Reached XP level 5. HP: 30/54 MP: 9/9
  2063 | D:4      | Identified the ring "Xyfomey" {rC+ AC+4}
  2188 | D:4      | Noticed a lemure
  2193 | D:4      | Noticed a lemure
  2194 | D:5      | Entered Level 5 of the Dungeon
  2316 | D:5      | Noticed an ice beast
  2320 | D:5      | Killed an ice beast
  2321 | D:5      | Reached skill level 5 in Fighting
  2321 | D:5      | Reached XP level 6. HP: 66/66 MP: 10/10
  2354 | D:5      | Found a staircase to the Ecumenical Temple.
  2361 | Temple   | Entered the Ecumenical Temple
  2404 | Temple   | Became a worshipper of Ashenzari the Shackled
  2742 | D:5      | Found a sand-covered staircase.
  2751 | Ossuary  | Entered an ossuary
  2777 | Ossuary  | Reached XP level 7. HP: 57/74 MP: 11/11
  2825 | Ossuary  | Reached skill level 6 in Fighting
  2838 | Ossuary  | Learned a level 3 spell: Gell's Gravitas
  3349 | D:4      | Reached skill level 5 in Translocations
  3353 | D:4      | Reached skill level 5 in Maces & Flails
  3383 | D:4      | Found a snail-covered altar of Cheibriados.
  3384 | D:4      | Noticed Grinder
  3391 | D:4      | Killed Grinder
  3392 | D:4      | Reached skill level 7 in Fighting
  3392 | D:4      | Reached XP level 8. HP: 87/87 MP: 12/12
  3486 | D:4      | Found a glowing golden altar of the Shining One.
  3563 | D:4      | Killed Edmund
  3831 | D:4      | Found a burning altar of Makhleb.
  3886 | D:4      | Reached skill level 8 in Fighting
  3920 | D:4      | Found an ornate altar of the Wu Jian Council.
  4011 | D:4      | Reached * piety under Ashenzari
  4270 | D:4      | Noticed Pikel
  4298 | D:4      | HP: 1/88 [Pikel/+2 whip of electrocution (8)]
  4300 | D:4      | Killed Pikel
  4301 | D:4      | Reached skill level 9 in Fighting
  4301 | D:4      | Reached XP level 9. HP: 56/98 MP: 13/13
  5138 | D:6      | Reached ** piety under Ashenzari
  5157 | D:6      | Learned a level 3 spell: Call Canine Familiar
  5246 | D:6      | Identified the +10 dagger of Daiton {pain, ^Fragile rPois
                  | rF- SInv}
  5296 | D:6      | Found a glowing drain.
  5316 | Sewer    | Entered a sewer
  6446 | D:7      | Reached skill level 10 in Fighting
  6502 | D:7      | Identified the +1 scale mail of Macaroni {Harm}
  6816 | D:7      | HP: 1/102 [centaur/arrow (6)]
  6816 | D:7      | Shot with an arrow by a centaur

Illustrated notes

Levels and vault maps discovered:
D:1:      minmay_arrival_split_and_join, layout_basic, serial_shops,
          nicolae_shop_peninsula
D:2:      layout_basic
D:3:      layout_basic, dreamdust_ecumenical_altar_hidden_monk_grotto
D:4:      cheibrodos_greedy_goblins, layout_basic, slow_altar_1,
          nicolae_overflow_hidden_temple, mainiacjoe_overflow_two_lobes,
          chequers_garden, kennysheep_generic_room_11, uniq_pikel, uniq_grinder,
          uniq_edmund
D:5:      layout_gridville, minmay_temple_entry_nine_rooms,
          gup_ossuary_entry_pyramid
D:6:      layout_cave_pods, gup_sewer_entry_pipe, serial_rivers,
          chequers_serial_rivers_micro_d, chequers_serial_rivers_large_b,
          chequers_serial_rivers_marsh, chequers_serial_rivers_micro_a,
          chequers_serial_rivers_room_b, chequers_serial_rivers_large_a,
          kennysheep_windowed_goal
D:7:      layout_cave_pools, centaur_isle
Temple:   nicolae_temple_elliptical

Skill      XL: |  1  2  3  4  5  6  7  8  9 |
---------------+----------------------------+-----
Fighting       | 3 4 5 7 9 10 | 10.7
Translocations | 3 4 5 6 7 |  7.6
Spellcasting   | 3 |  3.2
Maces & Flails | 3 4 5 6 8 |  8.0
Throwing       | |  1.0
Dodging        | |  2.1

Action                     |  1- 3 |  4- 6 |  7- 9 || total
---------------------------+-------+-------+-------++-------
  Melee: Mace              |    85 |   105 |       ||   190
         Punch             |     3 |     1 |     3 ||     7
         Headbutt          |    13 |    21 |    76 ||   110
         Morningstar       |       |    29 |   431 ||   460
   Cast: Blink             |       |     1 |       ||     1
         Gell's Gravitas   |       |       |     4 ||     4
         Manifold Assault  |       |       |     3 ||     3
 Invoke: Curse Item        |       |       |     3 ||     3
  Evoke: Wand              |       |    10 |       ||    10
    Use: Potion            |       |       |     1 ||     1
   Stab: Sleeping          |     1 |     3 |       ||     4
 Armour: Robe              |    63 |   161 |   418 ||   642
  Dodge: Dodged            |    62 |    95 |   242 ||   399

Table legend: (Time is in decaauts)
 A = Elapsed time spent in this place.
 B = Non-inter-level travel time spent in this place.
 C = Inter-level travel time spent in this place.
 D = Time resting spent in this place.
 E = Time spent auto-exploring this place.
 F = Levels seen in this place.
 G = Mean time per level.
                   A        B        C        D        E       F      G
               +--------+--------+--------+--------+--------+-----+--------+
         Total |   6942 |   6649 |    293 |    761 |   4026 |  10 |  694.2 |
       Dungeon |   6278 |   6026 |    252 |    698 |   3873 |   7 |  896.9 |
        Temple |     84 |     43 |     41 |      0 |      0 |   1 |   84.0 |
         Sewer |    282 |    282 |      0 |      0 |    112 |   1 |  282.0 |
       Ossuary |    297 |    297 |      0 |     63 |     41 |   1 |  297.0 |
               +--------+--------+--------+--------+--------+-----+--------+

Top non-repeatable levels by time:
     D:4: 1603 daAuts
     D:6: 1169 daAuts
     D:5: 1078 daAuts
     D:1: 927 daAuts
     D:3: 721 daAuts
     D:2: 402 daAuts
     D:7: 376 daAuts
 Ossuary: 297 daAuts
   Sewer: 282 daAuts
  Temple: 84 daAuts
